 Dungeon Crawl Stone Soup version 0.30.0-20-g3b4254fcbd (webtiles) character file.

Game seed: 3432102178968161210

2482 sizableburger the Conjurer (level 9, -2/74 HPs)
             Began as a Ghoul Conjurer on June 1, 2023.
             Slain by a wolf (5 damage)
             ... in a bailey on June 2, 2023.
             The game lasted 00:30:43 (6792 turns).

sizableburger the Conjurer (Ghoul Conjurer)         Turns: 6792, Time: 00:30:43

Health: -2/74      AC:  7    Str: 17      XL:     9   Next: 52%
Magic:  11/15      EV: 11    Int: 16 (17) God:
Gold:   487        SH:  0    Dex:  6 (7)  Spells: 10/18 levels left

rFire   . . .        (no weapon)
rCold   + + .        (no shield)
rNeg    + + +        w - +0 steam dragon scales
rPois   ∞            (no helmet)
rElec   .            u - +1 cloak {rPois}
rCorr   .            (no gloves)
SInv    .            (no boots)
Will    .....        g - amulet of magic regeneration
Stlth   ++           i - ring of Mutualism {rPois rC+ Str+6 Stlth+}
HPRegen 0.00/turn    (no ring)
MPRegen 0.54/turn

%: no passive effects
@: mighty, attractive, inhibited regen
A: claws 1, cold resistance 1, negative energy resistance 3, inhibited
regeneration, torment resistance 2, devour on kill
a: no special abilities


You were in a bailey.
You visited 1 branch of the dungeon, and saw 7 of its levels.
You also visited: Sewer and Bailey.

You collected 487 gold pieces.

Inventory:

Missiles
 j - 4 throwing nets
Armour
 u - a +1 cloak of poison resistance (worn)
 w - +0 steam dragon scales (worn)
Jewellery
 f - an amulet of guardian spirit
 g - an amulet of magic regeneration (around neck)
 i - the ring of Mutualism (left claw) {rPois rC+ Str+6 Stlth+}
   (You found it in a sewer)

   [ring of strength]

   Str:       It affects your strength (+6).
   rC:        It protects you from cold.
   rPois:     It protects you from poison.
   Stlth:     It makes you more stealthy.
 v - a ring of magical power
Wands
 q - a wand of iceblast (1)
Scrolls
 a - a scroll of torment {unknown}
 c - a scroll of blinking
 r - 3 scrolls of teleportation
Potions
 b - a potion of magic
 e - a potion of berserk rage {unknown}
 h - 3 potions of haste
 l - a potion of might
 m - 2 potions of mutation
 n - a potion of flight {unknown}
 o - a potion of heal wounds {unknown}
 p - 3 potions of lignification
 s - 3 potions of attraction


   Skills:
 + Level 5.4 Fighting
 - Level 1.7 Dodging
 - Level 2.1 Stealth
 + Level 5.3 Spellcasting
 - Level 6.0 Conjurations
 - Level 5.2 Hexes
 + Level 3.2 Fire Magic


You had 10 spell levels left.
You knew the following spells:

 Your Spells              Type           Power      Damage    Failure   Level
a - Magic Dart            Conj           92%        1d7       1%          1
b - Searing Ray           Conj           46%        2d6       1%          2
c - Fulminant Prism       Conj/Hex       11%        3d8       14%         4
d - Foxfire               Conj/Fire      76%        2x1d7     2%          1

Your spell library contained the following spells:

 Spells                   Type           Power      Damage    Failure   Level
 Dazzling Flash           Conj/Hex       44%        N/A       4%          3
 Hailstorm                Conj/Ice       13%        3d5       13%         3
 Mephitic Cloud           Conj/Pois/Air  10%        N/A       21%         3
 Blink                    Tloc           8%         N/A       22%         2
 Call Imp                 Summ           8%         N/A       22%         2
 Iskenderun's Mystic Bla  Conj/Tloc      13%        2d5       41%         4
 Fireball                 Conj/Fire      9%         3d6       52%         5
 Manifold Assault         Tloc           4%         N/A       83%         4
 Starburst                Conj/Fire      9%         6d5       98%         6
 Plasma Beam              Fire/Air       4%         2x1d16    100%        6
 Simulacrum               Ice/Necr       2%         N/A       100%        6
 Malign Gateway           Summ/Tloc      2%         N/A       100%        7
 Summon Horrible Things   Summ           2%         N/A       100%        8
 Ice Form                 Ice/Tmut       Unusable   N/A       N/A         4
 Storm Form               Tmut/Air       Unusable   N/A       N/A         7

Dungeon Overview and Level Annotations

Branches:
Dungeon (7/15)              Sewer (visited)          Bailey (1/1)
 Temple: D:4-7

Altars:
Uskayaw
Wu Jian

Annotations:
D:5 2 transporters, knightboat's ghost, amateur DrWr


Innate Abilities, Weirdness & Mutations

You are immune to poison.
You have sharp fingernails.
Your flesh is cold resistant. (rC+)
You are immune to negative energy. (rN+++)
You do not regenerate when monsters are visible.
You are immune to unholy pain and torment.
You thrive by killing the living.


Message History

Aiming: Quicksilver Bolt
Press: ? - help, Shift-Dir - straight line, f/p - gnoll sergeant
Aim: a gnoll sergeant, wielding a +0 glaive and wearing a +0 plate armour (heavily wounded, 86% to hit)
The bolt of dispelling energy hits the gnoll sergeant.
The gnoll sergeant is severely wounded.
Unknown command.
Aiming: Quicksilver Bolt
Press: ? - help, Shift-Dir - straight line, f/p - gnoll sergeant
Aim: a gnoll sergeant, wielding a +0 glaive and wearing a +0 plate armour (severely wounded, 86% to hit)
The bolt of dispelling energy hits the gnoll sergeant.
The gnoll sergeant is almost dead.
The now-empty wand crumbles to dust.
You hear a howl!
A wolf comes into view.
Aiming: Iceblast
Press: ? - help, Shift-Dir - straight line, f/p - gnoll sergeant
Aim: a gnoll sergeant, wielding a +0 glaive and wearing a +0 plate armour (almost dead)
The mass of ice explodes!
The iceblast engulfs the gnoll sergeant.
You kill the gnoll sergeant!
You feel better.
You hear a howl!
Okay, then.
Okay, then.
It was a potion of lignification.
You feel woody for a moment.
It was a potion of attraction.
You feel attractive to monsters. The wolf is attracted toward you.
It was a potion of mutation.
You feel extremely strange.
Your body decomposes!
You feel clumsy.
Your body decomposes!
You feel dopey. The wolf bites you!
* * * LOW HITPOINT WARNING * * *
The wolf bites you but does no damage.
It was a potion of might.
You feel very mighty all of a sudden. The wolf bites you.
You die...

### ♣@♣ ♣h♣ ♣♣§♣♣
♣♣.∩.♣♣♣♣
♣♣♣♣.......♣♣
♣♣...........♣♣♣
...............♣♣
≈≈≈≈≈≈...≈≈≈≈≈≈≈♣♣
.......).......≈≈♣


You could see a wolf.

Vanquished Creatures
  A steam dragon (D:6)
  Menkaure (D:5)
  Edmund (D:4)
  2 water moccasins
  A black bear (D:4)
  An ice beast (D:5)
  3 ogres
  A wolf (Bailey)
  2 bullfrogs (Sewer)
  4 gnoll sergeants (Bailey)
  3 scorpions
  4 gnoll boudas
  5 hounds
  A jelly (D:6)
  Crazy Yiuf (D:5)
  An orc priest (D:6)
  2 iguanas
  Ijyb (D:5)
  An orc wizard (D:5)
  16 gnolls
  11 adders
  2 river rats (D:3)
  2 ufetubi (D:5)
  A worm (D:4)
  12 orcs
  11 endoplasms
  6 giant cockroaches
  9 goblins
  10 hobgoblins
  8 quokkas
  10 ball pythons
  7 bats
  12 frilled lizards
  6 kobolds
  7 rats
166 creatures vanquished.

Vanquished Creatures (others)
  A hobgoblin (D:3)
  13 foxfires
  9 fulminant prisms
23 creatures vanquished.

Grand Total: 189 creatures vanquished

Notes
Turn   | Place    | Note
-------+----------+-------------------------------------------
     0 | D:1      | sizableburger the Ghoul Conjurer began the quest for the
                  | Orb.
     0 | D:1      | Reached XP level 1. HP: 14/14 MP: 2/2
   314 | D:1      | Reached XP level 2. HP: 20/20 MP: 2/4
   410 | D:1      | Learned a level 2 spell: Searing Ray
   628 | D:1      | Found a faded altar of an unknown god.
   993 | D:2      | Reached XP level 3. HP: 26/26 MP: 3/5
  1747 | D:3      | Reached skill level 4 in Conjurations
  1747 | D:3      | Reached XP level 4. HP: 31/33 MP: 1/7
  1768 | D:3      | Found a glowing drain.
  1779 | Sewer    | Entered a sewer
  1802 | Sewer    | Learned a level 4 spell: Fulminant Prism
  2119 | Sewer    | Reached XP level 5. HP: 28/38 MP: 2/8
  2280 | Sewer    | Reached XP level 6. HP: 21/45 MP: 4/10
  2390 | Sewer    | Identified the ring of Mutualism {rPois rC+ Str+6 Stlth+}
  3037 | D:4      | Found an ornate altar of the Wu Jian Council.
  3185 | D:4      | Reached skill level 5 in Conjurations
  3236 | D:4      | Noticed Edmund
  3246 | D:4      | Killed Edmund
  3247 | D:4      | Reached skill level 1 in Hexes
  3572 | D:4      | Reached XP level 7. HP: 33/50 MP: 3/12
  3932 | D:4      | Upgraded the game from 0.30.0-19-g36f170ea60 to
                  | 0.30.0-20-g3b4254fcbd
  4022 | D:5      | Entered Level 5 of the Dungeon
  4256 | D:5      | Noticed Menkaure
  4463 | D:5      | Reached skill level 6 in Conjurations
  4575 | D:5      | Reached XP level 8. HP: 57/57 MP: 8/13
  4608 | D:5      | Noticed Ijyb
  4617 | D:5      | Killed Ijyb
  4918 | D:5      | Found a transporter.
  4919 | D:5      | Identified the +5 great mace of Wiarr {freeze, *Corrode
                  | +Blink rC+ rN+}
  4919 | D:5      | Noticed knightboat's ghost (amateur DrWr)
  5185 | D:5      | Reached skill level 1 in Fighting
  5229 | D:5      | Found a runed translucent door.
  5230 | D:5      | Noticed Crazy Yiuf
  5236 | D:5      | Killed Crazy Yiuf
  5269 | D:5      | Found a transporter.
  5345 | D:5      | Killed Menkaure
  5346 | D:5      | Reached skill level 5 in Hexes
  5603 | D:6      | Learned a level 1 spell: Foxfire
  5643 | D:6      | Reached skill level 1 in Fire Magic
  5805 | D:6      | Reached XP level 9. HP: 67/71 MP: 7/14
  6062 | D:6      | Found a hide-covered altar of Uskayaw.
  6197 | D:7      | Found a flagged portal.
  6352 | Bailey   | Entered a bailey
  6612 | Bailey   | Reached skill level 5 in Fighting
  6612 | Bailey   | Reached skill level 5 in Spellcasting
  6791 | Bailey   | HP: 3/74 [wolf (8)]
  6792 | Bailey   | Slain by a wolf

Illustrated notes

Levels and vault maps discovered:
D:1:      moated_graveyard_arrival, layout_loops_ring,
          hellmonk_ecumenical_altar_lost_god
D:2:      layout_rooms, kennysheep_donut
D:3:      layout_rooms, gup_sewer_entry_bowl
D:4:      layout_basic, lemuel_crystal_altar, uniq_edmund
D:5:      layout_basic, gammafunk_ghost_smash, fountainhead,
          kennysheep_small_spiral, uniq_crazy_yiuf_cottage, uniq_ijyb,
          uniq_menkaure
D:6:      layout_rooms, mainiacjoe_overflow_brackets
D:7:      layout_cave_pods, minmay_temple_entry_waves,
          lightli_bailey_entry_fortress
Bailey:   bailey_polearm_gnolls_kennysheep, bailey

Skill      XL: |  1  2  3  4  5  6  7  8  9 |
---------------+----------------------------+-----
Spellcasting   | 2 3 4 5 |  5.3
Conjurations   | 4 5 6 |  6.0
Hexes          | 1 3 5 |  5.2
Fighting       | 3 5 |  5.4
Fire Magic     | 1 3 |  3.2
Dodging        | |  1.7
Stealth        | |  2.1

Action                     |  1- 3 |  4- 6 |  7- 9 || total
---------------------------+-------+-------+-------++-------
  Melee: Unarmed           |    14 |    94 |    66 ||   174
         Punch             |       |       |     1 ||     1
   Cast: Magic Dart        |    53 |    60 |    28 ||   141
         Searing Ray       |    11 |    17 |    65 ||    93
         Fulminant Prism   |       |       |     9 ||     9
         Foxfire           |       |       |     7 ||     7
  Evoke: Wand              |       |     4 |     6 ||    10
    Use: Scroll            |     5 |     3 |     2 ||    10
         Potion            |       |       |     7 ||     7
   Stab: Sleeping          |       |     1 |     1 ||     2
 Armour: Robe              |     6 |    24 |    17 ||    47
         Steam dragon scal |       |       |    35 ||    35
  Dodge: Dodged            |    20 |    73 |   123 ||   216
